 Dungeon Crawl Stone Soup version 0.18-a0-1542-g9c1a92e (webtiles) character file.

294 M4edhros the Poker (level 6, -11/46 HPs)
             Began as an Octopode Chaos Knight on Mar 10, 2016.
             Mangled by a sun demon (16 damage)
             ... summoned by Xom
             ... on level 4 of the Dungeon.
             The game lasted 00:09:04 (11502 turns).

M4edhros the Poker (Octopode Chaos Knight)         Turns: 11502, Time: 00:09:04

Health: -11/46     AC:  1    Str: 14      XL:     6   Next: 33%
Magic:  6/6        EV: 12    Int: 14      God:    Xom [......]
Gold:   137        SH:  0    Dex: 11 (12) Spells: 0 memorised, 5 levels left

rFire  x . .     SeeInvis .     a - +0 spear (chaos)
rCold  + . .     Gourm    .     (no shield)
rNeg   + . .     Faith    .     g - +0 hat
rPois  .         Spirit   .     (no amulet)
rElec  .         Dismiss  .     e - ring of positive energy
rCorr  .         Reflect  .     i - ring of ice
SustAt .         Harm     .     l - +3 ring of dexterity
MR     .....     Clarity  +     k - ring of stealth
Stlth  +++.......               (no ring)
                                (no ring)
                                (no ring)
                                (no ring)

@: about to teleport, not resistant to hostile enchantments, fairly stealthy
A: almost no armour, amphibious, 8 rings, constrict 8, camouflage 1, blurry
vision 1, clarity, clumsy 2, deterioration 1, mutation resistance 1, robust 1,
strong 1, gelatinous body 1
a: Renounce Religion


You were on level 4 of the Dungeon.
You worshipped Xom.
You were a very special plaything of Xom.
You were near starving.

You visited 1 branch of the dungeon, and saw 4 of its levels.

You collected 137 gold pieces.

Inventory:

Hand Weapons
 a - a +0 spear of chaos (weapon)
Armour
 g - a +0 hat (worn)
Jewellery
 e - a ring of positive energy (left tentacle)
 i - a ring of ice (right tentacle)
 k - a ring of stealth (on tentacle)
 l - a +3 ring of dexterity (on tentacle)
Scrolls
 d - a scroll of enchant weapon {unknown}
 f - 2 scrolls of remove curse
 m - 3 scrolls of recharging
 n - a scroll of identify
Potions
 c - a potion of brilliance {unknown}
 h - a potion of agility {unknown}
 p - a potion of cure mutation {unknown}
 q - 2 potions of mutation {unknown}
Comestibles
 b - 7 bread rations
 o - 3 fruits


   Skills:
 - Level 3.0 Fighting
 + Level 6.9 Polearms
 - Level 2.3 Dodging


You had 5 spell levels left.
You didn't know any spells.

Dungeon Overview and Level Annotations

Branches:
Dungeon (4/15)
 Temple: D:4-7

Altars:
Elyvilon
Pakellas
Xom
Zin
The Shining One

Annotations:
D:4 Sigmund


Innate Abilities, Weirdness & Mutations

You cannot wear most types of armour.
You are amphibious.
You can wear up to eight rings at the same time.
You can use your tentacles to constrict eight enemies at once.
Your skin changes colour to match your surroundings (Stealth).
Your rubbery body absorbs attacks (AC +1).
Scrolls take you a little longer to read.
You possess an exceptional clarity of mind.
You are very clumsy. (Dex -4)
Your body sometimes deteriorates upon taking damage.
You are somewhat resistant to further mutation.
You are robust (+10% HP).
Your muscles are strong. (Str +2)


Message History

Really read with blurry vision while enemies are nearby?
You begin reading the scroll.
You continue reading the scroll.
The sun demon hits you.
Your body deteriorates!
You feel clumsy.
You are engulfed in flames!
The fire burns you terribly!
* * * LOW HITPOINT WARNING * * *
The white imp hits you.
* * * LOW HITPOINT WARNING * * *
The white imp freezes you. You resist.
* * * LOW HITPOINT WARNING * * *
As you read the scroll labeled WIYBYXAOGU, it crumbles to dust.
You feel strangely unstable.
It was a scroll of teleportation.
Drink which item? (? for menu, Esc to quit)
Okay, then.
The sun demon hits you.
* * * LOW HITPOINT WARNING * * *
You are engulfed in flames!
The fire burns you terribly!
Xom thinks this is hilarious!
You die...
Xom cackles wildly!

#. ##.## #. #.# ..
#.# # #. ##'## #.##.
##...## ...
##..>..## ##.##
##.......#
#.#...####.........#
#....53@.'.........+
#.#..5####.........#
#...#.## ##.......##
##.### ##.....## #.
.#...## # #+##


You could see a sun demon, a white imp and a shadow imp.

Vanquished Creatures
  A water moccasin zombie (D:4)
  Terence (D:2)
  3 gnolls (D:3)
  9 adders
  3 worms
  2 dart slugs
  5 giant geckos
  An orc (D:3)
  10 bats
  5 giant cockroaches
  10 goblins
  6 hobgoblins
  6 jackals (D:3)
  12 kobolds
  3 quokkas
  3 giant newts
  6 rats
86 creatures vanquished.

Notes
Turn   | Place    | Note
--------------------------------------------------------------
     0 | D:1      | M4edhros the Octopode Chaos Knight began the quest for the Orb.
     0 | D:1      | Reached XP level 1. HP: 16/16 MP: 1/1
   171 | D:1      | XOM: smoke on damage
   273 | D:1      | Reached XP level 2. HP: 18/21 MP: 2/2
  1068 | D:1      | XOM: noise
  1161 | D:1      | XOM: harmless Air miscast
  1381 | D:1      | XOM: noise
  1415 | D:1      | Reached skill level 4 in Polearms
  1553 | D:1      | XOM: mild Hex miscast
  2063 | D:1      | Reached XP level 3. HP: 26/26 MP: 3/3
  2511 | D:1      | XOM: harmless Pois miscast
  2828 | D:1      | XOM: noise
  2892 | D:1      | XOM: mild Conj miscast
  3173 | D:1      | XOM: vitrification
  3225 | D:1      | XOM: mild Summ miscast
  3798 | D:2      | XOM: silly message
  4274 | D:2      | XOM: draining
  4283 | D:2      | Noticed Terence
  4291 | D:2      | Killed Terence
  4291 | D:2      | Reached XP level 4. HP: 25/31 MP: 4/4
  4310 | D:2      | Reached skill level 5 in Polearms
  4634 | D:2      | XOM: harmless Necr miscast
  4767 | D:2      | Found an oddly glowing altar of Pakellas.
  4891 | D:2      | XOM: 8-stop teleportation journey
  5256 | D:2      | XOM: noise
  5312 | D:2      | XOM: medium Trmt miscast
  5316 | D:2      | Gained mutation: You have an increased reservoir of magic (+10% MP). [mutagenic glow]
  5363 | D:2      | Gained mutation: You are clumsy. (Dex -2) [mutagenic glow]
  5375 | D:2      | XOM: give mutations
  5375 | D:2      | Gained mutation: You possess an exceptional clarity of mind. [Xom's mischief]
  5375 | D:2      | Gained mutation: Your muscles are strong. (Str +2) [Xom's mischief]
  5375 | D:2      | Lost mutation: You have an increased reservoir of magic (+10% MP). [Xom's mischief]
  5375 | D:2      | Gained mutation: Scrolls take you a little longer to read. [Xom's mischief]
  5402 | D:2      | Gained mutation: Potions and wands are less effective at restoring your health. [mutagenic glow]
  5420 | D:2      | XOM: noise
  5775 | D:2      | XOM: noise
  5786 | D:2      | XOM: 7-stop teleportation journey
  5952 | D:2      | XOM: harmless Hex miscast
  6270 | D:2      | XOM: god gift: 47 gold pieces
  6630 | D:2      | XOM: god gift: scratched bronze ring {god gift}
  6735 | D:2      | XOM: god gift: runed plate armour {god gift}
  6810 | D:2      | XOM: scenery: create altars
  6851 | D:2      | XOM: god gift: scroll labeled FOCESS RUCA
  6942 | D:2      | XOM: give mutations
  6942 | D:2      | Gained mutation: You are robust (+10% HP). [Xom's grace]
  6942 | D:2      | Gained mutation: You evolve. [Xom's grace]
  6942 | D:2      | Lost mutation: You evolve. [Xom's grace]
  6942 | D:2      | Gained mutation: You are somewhat resistant to further mutation. [Xom's grace]
  7096 | D:2      | Reached XP level 5. HP: 9/39 MP: 5/5
  7211 | D:3      | XOM: give mutation
  7211 | D:3      | Gained mutation: Your body sometimes deteriorates upon taking damage. [Xom's mischief]
  7327 | D:3      | XOM: 4-stop teleportation journey
  7441 | D:3      | XOM: silly message
  7563 | D:3      | XOM: butterfly on damage
  7575 | D:3      | Reached skill level 6 in Polearms
  7907 | D:3      | XOM: harmless Air miscast
  8118 | D:3      | XOM: 2-stop teleportation journey
  8235 | D:3      | XOM: summons 1 hostile demon
  8402 | D:3      | XOM: give mutations
  8402 | D:3      | Gained mutation: You are very clumsy. (Dex -4) [Xom's mischief]
  8402 | D:3      | Lost mutation: Potions and wands are less effective at restoring your health. [Xom's mischief]
  8826 | D:3      | XOM: colour smoke trail
  9370 | D:3      | Found a glowing golden altar of the Shining One.
  9370 | D:3      | Found a white marble altar of Elyvilon.
  9372 | D:3      | Found a glowing silver altar of Zin.
 10133 | D:3      | XOM: colour smoke trail
 10191 | D:3      | Reached XP level 6. HP: 46/46 MP: 6/6
 10405 | D:3      | XOM: mild Tloc miscast
 10526 | D:3      | XOM: mild Summ miscast
 11227 | D:4      | Noticed Sigmund
 11232 | D:4      | XOM: 2-stop teleportation journey
 11430 | D:4      | XOM: enchant monster (bad)
 11498 | D:4      | XOM: summons 3 hostile demons
 11499 | D:4      | Noticed a sun demon
 11502 | D:4      | Mangled by a sun demon

Vault maps used:
D:1:      shiori_arrival_maze
D:2:      old_standard_altar, interstate_on_off, st_stairs_12, uniq_terence
D:3:      good_gods_mini_temple, serial_glass, glass_columns_a, glass_columns_a
D:4:      overflow_temple_1_default, minmay_temple_entry_poolview, uniq_grinder,
          uniq_sigmund, uniq_blork_the_orc, uniq_edmund

Skill      XL: |  1  2  3  4  5 |
---------------+----------------+-----
Polearms       | 4 5 6 |  6.9
Fighting       | |  3.0
Dodging        | |  2.3

Action                   |  1- 3 |  4- 6 || total
-------------------------+-------+-------++-------
Melee: Spear             |    64 |   149 ||   213
  Use: Scroll            |       |     4 ||     4
       Potion            |       |     2 ||     2
 Stab: Sleeping          |     5 |    10 ||    15
       Distracted        |     2 |     3 ||     5
       Petrifying        |       |     1 ||     1
  Eat: Chunk             |     9 |    20 ||    29
       Beef jerky        |       |     1 ||     1
